Map: 黄金之柱-天梯版

Players

JieShi

  • Race: Protoss Protoss
  • League: Master

iGXY (XY) - Winner!

  • Race: Terran Terran

Event: DreamHack SC2 Masters 2020 Winter

VOD

Have the link to the VOD?

Description

Time

  • Played on: Oct. 30, 2020, 10:18 a.m.
  • Length: 19:10

All games in this series

Show
View Real Time Build Order
Export as new Build Order

JieShi Protoss 

Build Orders: 1 Gate Expand, Blink Stalkers 

Get SALT Encoding   

  12  0:00  Probe  
  13  0:12  Probe  
  14  0:17  Pylon  
  14  0:24  Probe (Chrono Boost)  
  15  0:37  Probe (Chrono Boost)  
  15  0:40  Gateway  
  16  0:44  Probe (Chrono Boost)  
  16  0:47  Assimilator  
  17  0:51  Probe  
  18  1:03  Probe  
  19  1:16  Probe  
  20  1:26  Nexus  
  20  1:35  Cybernetics Core  
  20  1:38  Probe  
  21  1:43  Assimilator  
  21  1:50  Probe  
  22  1:54  Pylon  
  22  2:02  Probe  
  23  2:09  Adept (Chrono Boost)  
  23  2:12  Warp Gate  
  23  2:14  Probe  
  25  2:24  Twilight Council  
  25  2:27  Probe (Chrono Boost)  
  25  2:29  Stalker (Chrono Boost)  
  28  2:41  Probe (Chrono Boost)  
  30  2:44  Probe (Chrono Boost)  
  30  2:48  Probe (Chrono Boost)  
  32  2:54  Gateway  
  32  3:02  Blink (Chrono Boost)  
  32  3:04  Gateway  
  31  3:11  Probe  
  32  3:13  Probe  
  33  3:20  Robotics Facility  
  33  3:23  Probe  
  34  3:29  Stalker  
  34  3:31  Probe  
  37  3:37  Pylon  
  38  3:43  Probe (Chrono Boost)  
  38  3:44  Probe (Chrono Boost)  
  39  3:53  Probe (Chrono Boost)  
  39  3:55  Gateway  
  41  3:56  Probe (Chrono Boost)  
  41  3:58  Probe (Chrono Boost)  
  40  4:04  Probe  
  42  4:12  Observer  
  42  4:14  Stalker  
  42  4:16  Probe  
  46  4:19  Stalker  
  46  4:21  Probe  
  46  4:25  Stalker  
  46  4:29  Probe  
  49  4:33  Probe  
  49  4:34  Assimilator  
  50  4:41  Probe  
  50  4:45  Probe  
  47  4:51  Stalker  
  49  4:55  Probe (Chrono Boost)  
  49  4:57  Probe (Chrono Boost)  
  51  5:02  Assimilator  
  51  5:03  Pylon  
  53  5:08  Probe (Chrono Boost)  
  53  5:10  Probe (Chrono Boost)  
  53  5:12  Robotics Bay  
  53  5:13  Probe (Chrono Boost)  
  53  5:14  Pylon  
  54  5:21  Probe  
  54  5:24  Probe  
  54  5:27  Nexus  
  56  5:33  Probe  
  57  5:36  Probe  
  56  5:46  Probe  
  56  5:48  Probe  
  58  5:50  Observer  
  58  5:53  Observer (Chrono Boost)  
  58  5:54  Sentry  
  61  5:58  Probe  
  61  6:00  Probe  
  63  6:04  Charge  
  63  6:05  Colossus (Chrono Boost), Forge  
  69  6:12  Probe  
  70  6:20  Pylon  
  70  6:22  Pylon  
  70  6:26  Observer  
  70  6:29  Pylon  
  70  6:30  Pylon  
  70  6:33  Gateway  
  70  6:34  Gateway  
  70  6:36  Extended Thermal Lance, Gateway  
  70  6:38  Probe x2  
  72  6:45  Sentry x2  
  76  6:50  Colossus (Chrono Boost)  
  76  6:52  Probe (Chrono Boost)  
  83  6:55  Probe (Chrono Boost)  
  83  6:57  Protoss Ground Weapons Level 1 (Chrono Boost)  
  83  6:59  Shield Battery  
  85  7:01  Probe (Chrono Boost)  
  85  7:02  Probe (Chrono Boost)  
  85  7:05  Probe (Chrono Boost)  
  85  7:08  Probe  
  87  7:11  Probe  
  87  7:14  Probe  
  89  7:16  Photon Cannon  
  89  7:18  Pylon  
  89  7:21  Gateway  
  89  7:23  Probe  
  89  7:24  Zealot, Gateway  
  89  7:26  Probe  
  93  7:35  Colossus  
  99  7:41  Shield Battery, Pylon, Photon Cannon  
  99  7:44  Pylon  
  99  7:48  Zealot x2  
  103  7:57  Zealot  
  105  8:00  Nexus  
  105  8:03  Robotics Facility  
  103  8:08  Stalker x2  
  103  8:12  Probe  
  99  8:23  Templar Archives  
  99  8:24  Probe (Chrono Boost)  
  101  8:28  Probe (Chrono Boost)  
  101  8:30  Disruptor  
  105  8:35  Probe (Chrono Boost), Photon Cannon  
  105  8:39  Probe (Chrono Boost)  
  106  8:41  Probe (Chrono Boost)  
  106  8:44  Probe (Chrono Boost)  
  108  8:55  Probe (Chrono Boost)  
  107  8:56  Stalker x3  
  107  8:57  Forge  
  107  8:58  Probe (Chrono Boost)  
  114  9:03  Probe (Chrono Boost)  
  114  9:06  Pylon, Protoss Ground Armor Level 1 (Chrono Boost)  
  114  9:08  Probe (Chrono Boost)  
  114  9:09  Probe (Chrono Boost), Stalker  
  114  9:10  Photon Cannon  
  114  9:15  Probe (Chrono Boost)  
  116  9:18  Observer  
  116  9:22  Probe (Chrono Boost)  
  118  9:25  Probe (Chrono Boost), Stalker x2  
  118  9:30  Probe x3 (Chrono Boost)  
  118  9:40  Stalker x3  
  118  9:42  Probe x2  
  118  9:45  Probe  
  126  9:51  Photon Cannon  
  124  9:55  Probe  
  124  9:57  Probe  
  126  10:03  Protoss Ground Weapons Level 2 (Chrono Boost), Observer  
  126  10:06  Probe  
  128  10:08  Assimilator  
  128  10:09  Probe  
  128  10:13  Assimilator  
  129  10:23  Photon Cannon  
  129  10:25  Shield Battery  
  129  10:28  Pylon, Zealot x4  
  131  10:29  Zealot  
  131  10:32  Probe, Gateway  
  131  10:34  Probe, Gateway  
  141  10:39  Probe  
  141  10:43  Probe (Chrono Boost), Disruptor (Chrono Boost)  
  141  10:46  Probe (Chrono Boost)  
  141  10:48  Pylon  
  141  10:49  Probe (Chrono Boost)  
  149  10:51  Probe (Chrono Boost)  
  149  10:52  Disruptor (Chrono Boost)  
  150  11:00  Probe (Chrono Boost)  
  150  11:01  Probe (Chrono Boost)  
  148  11:04  Pylon  
  148  11:05  Probe (Chrono Boost)  
  148  11:06  Probe (Chrono Boost)  
  148  11:07  Nexus  
  148  11:10  Zealot  
  148  11:11  Pylon, Zealot  
  154  11:13  Dark Shrine  
  154  11:21  Zealot x5  
  154  11:23  Zealot  
  166  11:28  Disruptor x2  
  172  11:36  Zealot x3  
  172  11:39  Probe (Chrono Boost), Zealot  
  181  11:49  Probe (Chrono Boost)  
  179  11:54  Probe (Chrono Boost)  
  178  12:04  Disruptor  
  178  12:07  Stalker x2  
  178  12:08  Stalker x2  
  182  12:09  Probe  
  181  12:22  Probe, Disruptor  
  180  12:27  Shield Battery, Photon Cannon  
  183  12:31  Assimilator  
  183  12:33  Pylon  
  183  12:34  Probe  
  183  12:35  Assimilator  
  182  12:39  Photon Cannon, Disruptor  
  182  12:40  Dark Templar  
  182  12:41  Dark Templar  
  182  12:42  Dark Templar  
  168  12:51  Zealot  
  168  12:52  Zealot x4  
  168  12:56  Pylon  
  168  12:57  Pylon  
  164  12:59  Pylon  
  152  13:14  Zealot x3  
  152  13:16  Probe  
  152  13:19  Gateway  
  152  13:21  Gateway  
  152  13:23  Gateway  
  150  13:28  Probe  
  151  13:36  Zealot x2  
  148  13:48  Pylon  
  148  13:56  Pylon  
  148  13:59  Pylon  
  148  14:00  Pylon  
  148  14:02  Pylon  
  137  14:03  Pylon  
  137  14:07  Pylon  
  120  14:10  Nexus  
  120  14:13  Pylon  
  120  14:15  Pylon  
  118  14:17  Probe (Chrono Boost)  
  118  14:21  Cybernetics Core  
  118  14:22  Zealot x3  
  121  14:28  Observer  
  121  14:29  Probe (Chrono Boost)  
  122  14:32  Zealot  
  122  14:33  Zealot x2  
  122  14:35  Probe (Chrono Boost)  
  129  14:43  Probe  
  130  14:55  Probe  
  130  14:59  Stalker x5  
  141  15:00  Stalker  
  141  15:01  Protoss Ground Weapons Level 3  
  133  15:07  Probe (Chrono Boost)  
  134  15:19  Probe (Chrono Boost)  
  134  15:20  Stalker, Observer  
  135  15:24  Probe (Chrono Boost)  
  135  15:26  Pylon  
  135  15:28  Stalker  
  138  15:32  Probe (Chrono Boost)  
  139  15:41  Probe (Chrono Boost)  
  140  15:47  Twilight Council  
  140  15:48  Probe (Chrono Boost)  
  141  15:50  Observer  
  141  15:53  Probe (Chrono Boost)  
  100  16:26  Zealot x2  
  100  16:27  Stalker x2, Zealot x3  
  82  16:36  Probe (Chrono Boost)  
  82  16:40  Probe (Chrono Boost)  
  82  16:42  Probe (Chrono Boost)  
  82  16:46  Probe (Chrono Boost)  
  84  16:49  Probe (Chrono Boost)  
  84  16:50  Zealot  
  84  16:51  Probe (Chrono Boost), Sentry, Zealot  
  84  16:52  Sentry  
  84  16:53  Sentry  
  96  16:54  Probe (Chrono Boost), Zealot x2  
  101  17:05  Pylon  
  101  17:06  Probe  
  102  17:14  Stalker x3  
  107  17:16  Templar Archives  
  107  17:18  Probe  
  108  17:24  Zealot x3  
  104  17:34  Zealot x3  
  110  17:42  Zealot x2  
  98  17:55  High Templar x3  
  93  18:02  Archon  
  93  18:03  High Templar  
  83  18:05  High Templar  
Show
View Real Time Build Order
Export as new Build Order

iGXY Terran - Winner!

Build Orders: 1/1/1, Widow Mine Drop 

Get SALT Encoding   

  12  0:00  SCV  
  13  0:12  SCV  
  14  0:17  Supply Depot  
  14  0:24  SCV  
  15  0:39  SCV  
  16  0:43  Barracks  
  16  0:46  Refinery  
  16  0:51  SCV  
  16  0:56  Refinery  
  17  1:03  SCV  
  18  1:15  SCV  
  19  1:29  Marine  
  19  1:30  Orbital Command  
  20  1:36  Factory  
  20  1:47  Supply Depot  
  20  1:50  Barracks Reactor  
  20  1:56  SCV  
  21  2:08  SCV  
  22  2:20  SCV, Starport  
  27  2:30  Hellion x2  
  27  2:32  SCV  
  27  2:36  Supply Depot  
  28  2:44  SCV  
  29  2:56  SCV  
  29  2:58  Medivac, Widow Mine x2  
  36  3:05  Supply Depot  
  36  3:20  Command Center  
  36  3:25  Widow Mine  
  38  3:29  Widow Mine  
  40  3:34  SCV  
  40  3:39  Barracks Reactor  
  41  3:45  Starport Tech Lab  
  41  3:46  SCV  
  42  3:58  SCV  
  41  4:10  SCV  
  41  4:16  Marine x2  
  44  4:17  Raven  
  44  4:19  Command Center  
  46  4:25  SCV  
  47  4:32  Orbital Command  
  47  4:37  SCV  
  44  4:46  Marine x2  
  44  4:49  SCV  
  44  4:52  Bunker  
  43  4:58  SCV  
  44  5:02  SCV  
  44  5:04  Marine  
  46  5:09  Marine  
  46  5:10  SCV  
  46  5:14  SCV  
  49  5:15  Bunker  
  49  5:17  Factory Tech Lab  
  49  5:22  Marine  
  49  5:23  SCV, Bunker  
  49  5:26  SCV  
  49  5:27  Marine  
  53  5:35  SCV  
  53  5:38  SCV  
  53  5:39  Marine  
  53  5:42  Siege Tank  
  57  5:45  Marine  
  57  5:48  SCV  
  57  5:49  Orbital Command  
  59  5:51  SCV  
  59  5:57  Marine  
  59  6:00  SCV  
  59  6:03  SCV, Marine  
  60  6:12  SCV  
  60  6:14  Supply Depot, Siege Tank  
  60  6:15  SCV x2, Marine  
  65  6:21  Marine  
  65  6:24  SCV, Starport Reactor  
  67  6:28  SCV x2  
  67  6:32  Barracks  
  69  6:33  Marine  
  69  6:34  Barracks  
  69  6:35  Engineering Bay  
  69  6:36  SCV, Engineering Bay  
  69  6:38  Marine  
  72  6:40  SCV x2  
  72  6:43  Refinery  
  72  6:46  Refinery, Siege Tank  
  76  6:48  SCV  
  76  6:51  Marine  
  76  6:52  SCV x2  
  80  6:56  Marine  
  80  6:58  Barracks  
  80  6:59  Barracks  
  80  7:00  SCV  
  82  7:02  Terran Infantry Weapons Level 1, Terran Infantry Armor Level 1  
  82  7:04  SCV x2  
  84  7:10  Supply Depot x2  
  85  7:17  SCV  
  85  7:21  Supply Depot  
  85  7:24  Liberator x2  
  91  7:30  Barracks Tech Lab  
  91  7:31  Barracks Tech Lab, Siege Tank  
  91  7:34  Orbital Command  
  94  7:37  SCV x2  
  94  7:42  Marine x2  
  98  7:46  Armory  
  98  7:49  SCV x2  
  98  8:01  SCV x2  
  98  8:03  SCV, Siege Tank  
  98  8:04  Refinery  
  104  8:07  Medivac x2  
  108  8:13  SCV x2  
  108  8:15  Refinery, Marauder x2  
  108  8:16  Barracks Reactor, Barracks Tech Lab  
  114  8:21  Command Center  
  114  8:23  SCV  
  114  8:25  SCV x2  
  117  8:39  Missile Turret  
  117  8:40  Supply Depot  
  117  8:41  Supply Depot  
  117  8:49  SCV  
  117  9:00  Terran Infantry Weapons Level 2  
  117  9:01  Supply Depot, Terran Infantry Armor Level 2  
  117  9:02  SCV x2, Medivac x2, Marauder  
  125  9:03  SCV, Marauder, Siege Tank  
  125  9:08  Supply Depot  
  131  9:11  Supply Depot  
  131  9:13  Marauder  
  133  9:17  Combat Shield, Stimpack  
  133  9:22  Marine x3  
  133  9:23  SCV x3  
  139  9:30  Marauder, Marine  
  139  9:31  Marauder  
  143  9:34  Medivac x2, Marine  
  143  9:35  SCV x3  
  150  9:40  Marine x3  
  153  9:47  SCV x3, Siege Tank  
  153  9:48  Marine  
  153  9:52  Marauder  
  159  9:54  Sensor Tower  
  159  9:55  Barracks  
  159  9:58  Barracks  
  159  9:59  SCV x3, Barracks  
  160  10:08  Sensor Tower  
  160  10:11  SCV x3  
  165  10:17  Liberator  
  165  10:19  Siege Tank  
  165  10:20  Planetary Fortress  
  166  10:23  SCV x2, Missile Turret  
  170  10:28  Marauder  
  170  10:29  Marauder  
  170  10:30  Concussive Shells, Refinery  
  170  10:32  Supply Depot x2  
  170  10:33  Refinery  
  170  10:34  Marine  
  170  10:43  Ghost Academy  
  170  10:46  Barracks Tech Lab x2  
  170  10:47  Barracks Tech Lab  
  170  10:51  Siege Tank  
  170  10:52  Command Center  
  170  10:54  Supply Depot  
  170  10:55  Supply Depot  
  172  11:07  Viking x2  
  176  11:21  Terran Infantry Weapons Level 3, Terran Infantry Armor Level 3  
  176  11:23  Siege Tank  
  179  11:31  Marine x2  
  180  11:39  Viking x2  
  181  11:54  Marauder x2, Marine x2  
  181  11:55  Siege Tank  
  181  11:56  Marauder, Marine x4  
  181  11:57  Marine  
  194  12:03  SCV  
  194  12:09  Viking x2  
  194  12:12  Marine x2  
  194  12:14  Marine  
  200  12:31  Starport  
  200  12:39  Command Center x2  
  200  12:50  Marauder, Marine  
  200  12:51  Marauder x4, Marine x3  
  200  12:54  Siege Tank  
  156  13:08  Viking, Marine  
  156  13:09  Marine x2  
  156  13:12  Marauder x3, Marine  
  163  13:13  SCV x2  
  155  13:26  Marine x2, Siege Tank  
  149  13:30  Marine x2  
  149  13:33  Marauder x2  
  152  13:49  Marauder, Marine  
  152  13:50  Marine x2  
  157  13:56  Orbital Command  
  157  13:57  Marine  
  157  13:58  Marauder  
  157  13:59  Marauder  
  162  14:06  Marine  
  162  14:08  Marine  
  164  14:16  Marauder, Marine x2  
  159  14:24  Marauder  
  159  14:25  Marauder, Marine  
  159  14:26  Missile Turret, Marine  
  159  14:27  Viking x2  
  159  14:28  Starport Reactor, Sensor Tower  
  159  14:29  SCV x2, Planetary Fortress  
  171  14:32  SCV  
  171  14:34  Marine  
  171  14:37  Marine, Siege Tank  
  171  14:38  Marauder  
  179  14:43  Marine  
  179  14:44  Marine  
  181  14:46  Marauder  
  181  14:47  SCV x2, Marauder  
  181  14:51  Marine  
  188  14:58  Viking  
  188  14:59  Viking, Marauder  
  194  15:00  Missile Turret  
  183  15:07  Viking x2, Marauder  
  183  15:10  Ghost  
  183  15:11  Enhanced Shockwaves  
  185  15:20  Terran Ship Weapons Level 1, Ghost  
  187  15:24  Marine x2  
  187  15:28  Marauder, Siege Tank  
  194  15:39  Marauder  
  194  15:40  Command Center  
  193  15:44  Marine x4  
  193  15:46  Medivac  
  199  16:05  Marine  
  164  16:25  Marauder x2, Marine x3  
  143  16:26  Marine, Siege Tank  
  143  16:27  Marauder  
  143  16:29  Medivac x3  
  139  16:43  Marine x3  
  139  16:44  Marine  
  147  16:47  Marauder x2, Barracks  
  147  16:48  Marine, Barracks x2  
  147  16:49  Refinery x2  
  148  16:58  Siege Tank  
  148  17:01  Marine x3  
  153  17:02  Marine, Sensor Tower  
  153  17:04  Missile Turret  
  153  17:05  Ghost  
  153  17:08  Marauder x2  
  161  17:12  Medivac x2  
  165  17:18  Marine  
  165  17:19  Marine x2  
  165  17:20  Marine  
  169  17:29  Marauder  
  166  17:30  Marauder, Siege Tank  
  166  17:34  Planetary Fortress, Marauder  
  166  17:36  SCV x2, Marine x3  
  173  17:38  Marine  
  173  17:51  Marauder x2  
  177  17:54  Marine x2  
  177  17:56  Marauder  
  174  17:59  Marine  
  174  18:02  Medivac x2, Siege Tank  
  177  18:12  Marauder x2  
  177  18:35  Siege Tank  
Tags
 
Add a new tag
Caveats
  • Supply blocks, unpowered buildings, or Contaminate may cause inaccurate times.
  • Supply counts are checked every 10 seconds.